 Dungeon Crawl Stone Soup version 0.31.0-11-ge490571c62 (webtiles) character file.

Game seed: 5718880352328769557

216 qw the Skirmisher (level 5, -2/29 HPs)
             Began as a Deep Elf Hunter on Feb 3, 2024.
             Was an Initiate of Okawaru.
             Slain by an orc
             ... wielding a +0 club
              (5 damage)
             ... on level 5 of the Dungeon.
             The game lasted 00:00:10 (2222 turns).

qw the Skirmisher (Deep Elf Hunter)                 Turns: 2222, Time: 00:00:10

Health: -2/29      AC:  6    Str: 10    XL:     5   Next: 61%
Magic:  7/7        EV: 11    Int: 14    God:    Okawaru [......]
Gold:   38         SH:  0    Dex: 18    Spells: 4/4 levels left

rFire   . . .        a - +1 shortbow
rCold   . . .        (shield currently unavailable)
rNeg    . . .        l - +0 ring mail
rPois   .            (no helmet)
rElec   .            (no cloak)
rCorr   .            i - +0 pair of gloves
SInv    +            (no boots)
Will    .....        (no amulet)
Stlth   +            g - ring of see invisible
HPRegen 0.24/turn    (no ring)
MPRegen 0.10/turn

%: no passive effects
@: no status effects
A: no striking features
a: Renounce Religion


You were on level 5 of the Dungeon.
You worshipped Okawaru.
Okawaru was noncommittal.
You visited 2 branches of the dungeon, and saw 6 of its levels.

You collected 38 gold pieces.


   Skills:
 + Level 1.6 Fighting
 - Level 9.1 Ranged Weapons
 - Level 2.4 Dodging
 - Level 1.2 Stealth


You had 4 spell levels left.
You didn't know any spells.
Your spell library was empty.

Inventory:

Hand Weapons
 a - a +1 shortbow (weapon)
Armour
 i - a +0 pair of gloves (worn)
 l - a +0 ring mail (worn)
Jewellery
 g - a ring of see invisible (left hand)
Potions
 d - a potion of enlightenment
 e - 3 potions of curing
 j - a potion of degeneration {unknown}
 k - a potion of mutation {unknown}
 m - a potion of might {unknown}

Dungeon Overview and Level Annotations

Branches:
Dungeon (6/15)             Temple (1/1) D:6

Altars:
Ashenzari
Dithmenos
Elyvilon
Fedhas
Hepliaklqana
Makhleb
Nemelex Xobeh
Okawaru
Qazlal
Ru
Sif Muna
Trog
Uskayaw
Vehumet
Xom
Yredelemnul
Zin

Shops:
D:1 =   D:2 (

Annotations:
D:2 1 runed translucent door, Crazy Yiuf


Message History

The orc wizard is lightly wounded.
The orc misses you. The orc hits you but does no damage.
The orc wizard hits you but does no damage.
You shoot an arrow. The arrow barely misses the orc wizard.
The orc hits you but does no damage. The orc hits you with a +0 club.
The orc wizard closely misses you.
You shoot an arrow. The arrow barely misses the orc wizard.
The orc hits you with a +0 short sword. The orc hits you but does no damage.
The orc wizard completely misses you.
You shoot an arrow.
The arrow hits the orc wizard but does no damage.
The orc wizard is lightly wounded.
The orc barely misses you.
The orc wizard hits you with a +2 vampiric dagger.
The orc wizard draws strength from your wounds!
The orc closely misses you.
You shoot an arrow.
The arrow closely misses the orc wizard.
The orc barely misses you. The orc hits you with a +0 club.
The orc wizard hits you but does no damage.
You shoot an arrow.
The arrow hits the orc wizard but does no damage.
The orc wizard is lightly wounded.
The orc closely misses you. The orc wizard barely misses you.
The orc closely misses you.
You shoot an arrow.
The arrow hits the orc wizard but does no damage.
The orc wizard is lightly wounded.
The orc barely misses you. x2; The orc wizard barely misses you.
You shoot an arrow. The arrow barely misses the orc wizard.
The orc closely misses you. The orc hits you but does no damage.
The orc wizard hits you with a +2 vampiric dagger.
The orc wizard draws strength from your wounds!
You shoot an arrow. The arrow barely misses the orc wizard.
The orc barely misses you. x2
The orc wizard hits you with a +2 vampiric dagger.
You shoot an arrow. The arrow hits the orc wizard.
The orc wizard is lightly wounded.
The orc barely misses you. The orc hits you with a +0 club.
You die...

#..^..######
#..........###
#......8#8...#
######......#?#....
........##..8#8....
#..>......?....
####.......#
###.....# #.@o..#
.......oo....#
...........#...
..%...?......#.
......#....)...
#######..###...
#### ##.


You could see an orc wizard (invisible) and 2 orcs.

Vanquished Creatures
  A scorpion (D:6)
  A hound (D:5)
  An orc priest (D:5)
  4 adders
  2 dart slugs
  4 orcs
  3 endoplasms
  2 giant cockroaches
  4 goblins
  7 hobgoblins
  6 kobolds
  3 quokkas
  11 ball pythons
  3 bats (D:1)
  4 frilled lizards
56 creatures vanquished.

Notes
Turn   | Place    | Note
-------+----------+-------------------------------------------
     0 | D:1      | qw the Deep Elf Hunter began the quest for the Orb.
     0 | D:1      | Reached XP level 1. HP: 12/12 MP: 3/3
     0 | D:1      | 0 ||| qw: Version: 0.3-a-155-g5e7d8dd
     0 | D:1      | 0 ||| qw: Game counter: 3227
     0 | D:1      | 0 ||| qw: Melee chars always use a shield: true
     0 | D:1      | 0 ||| qw: God list: Okawaru
     0 | D:1      | 0 ||| qw: Allow faded altars: false
     0 | D:1      | 0 ||| qw: Do Orc after clearing Dungeon:15 true
     0 | D:1      | 0 ||| qw: Do second Lair branch before Depths: true
     0 | D:1      | 0 ||| qw: Lair rune preference: random
     0 | D:1      | 0 ||| qw: Goals: Normal
     0 | D:1      | 0 ||| PLANNING D:1-11
   117 | D:1      | Reached skill level 6 in Ranged Weapons
   117 | D:1      | Reached XP level 2. HP: 16/16 MP: 4/4
   347 | D:1      | Found Gemiedek's Jewellery Boutique.
   357 | D:1      | 357 ||| SHOPLISTING amulet of faith (480 gold, have 18).
   357 | D:1      | 357 ||| SHOPLISTING amulet of guardian spirit (360 gold,
                  | have 18).
   357 | D:1      | 357 ||| SHOPLISTING ring "Jucet" {+Blink Str-5 Int+6 Dex+3}
                  | (549 gold, have 18).
   357 | D:1      | 357 ||| SHOPLISTING ring of ice (300 gold, have 18).
   357 | D:1      | 357 ||| SHOPLISTING ring of resist corrosion (240 gold,
                  | have 18).
   357 | D:1      | 357 ||| SHOPLISTING ring of the Garden {rF+ Stlth+} (417
                  | gold, have 18).
   357 | D:1      | 357 ||| SHOPLISTING ring of willpower (300 gold, have 18).
   654 | D:1      | 654 ||| UPGRADING to ring of see invisible.
   655 | D:1      | 655 ||| READING 2 scrolls labelled ONNOR JITS.
   656 | D:1      | 656 ||| READING scroll labelled HUG VASECS.
   656 | D:1      | 656 ||| IDENTIFYING clear potion
   657 | D:1      | 657 ||| READING scroll labelled LUNKUO MESOCAA.
   658 | D:1      | 658 ||| READING scroll labelled DAFOPP BOYBIN.
   658 | D:1      | 658 ||| ENCHANTING +0 shortbow.
   659 | D:1      | 659 ||| DRINKING 2 red potions.
   660 | D:1      | 660 ||| DRINKING 2 cyan potions.
   661 | D:1      | 661 ||| DROPPING scroll of butterflies.
   662 | D:1      | 662 ||| DROPPING potion of lignification.
   663 | D:1      | 663 ||| DROPPING scroll of poison.
   665 | D:1      | 665 ||| Stepping ~*~*~tactically~*~*~ (cloud).
   665 | D:1      | HP: 2/16 [poisoned by you (poison gas)]
   666 | D:1      | 666 ||| DRINKING potion of curing.
   666 | D:1      | 666 ||| (to cure poison)
   733 | D:2      | Reached XP level 3. HP: 20/20 MP: 5/5
   910 | D:2      | Reached skill level 7 in Ranged Weapons
   915 | D:2      | HP: 5/20 [poisoned by an adder]
  1037 | D:2      | Found Wamise's Antique Weapon Boutique.
  1178 | D:2      | Found a runed translucent door.
  1179 | D:2      | Noticed Crazy Yiuf
  1471 | D:2      | 1471 ||| UPGRADING to +0 pair of gloves.
  1476 | D:2      | 1476 ||| UPGRADING to +0 ring mail.
  1486 | D:2      | 1486 ||| DROPPING +0 leather armour.
  1487 | D:2      | 1487 ||| READING scroll labelled QADOQU YSONIT.
  1705 | D:3      | Reached XP level 4. HP: 24/25 MP: 6/6
  1729 | D:3      | Found a shimmering altar of Xom.
  1942 | D:3      | You fall into a shaft and drop 3 floors!
  1951 | D:6      | Noticed a scorpion
  1960 | D:6      | HP: 5/25 [scorpion (6)]
  1961 | D:6      | Killed a scorpion
  1962 | D:6      | Reached skill level 8 in Ranged Weapons
  1962 | D:6      | Reached XP level 5. HP: 6/29 MP: 7/7
  2060 | D:6      | Found a staircase to the Ecumenical Temple.
  2061 | D:6      | 2061 ||| PLANNING TEMPLE
  2095 | D:6      | 2095 ||| READING 2 scrolls of identify.
  2095 | D:6      | 2095 ||| IDENTIFYING lumpy white potion
  2096 | D:6      | 2096 ||| READING scroll of identify.
  2096 | D:6      | 2096 ||| IDENTIFYING yellow potion
  2097 | D:6      | 2097 ||| READING scroll labelled MULLUI DEHOUCS.
  2098 | D:6      | 2098 ||| READING scroll labelled KOUDE QUNU.
  2099 | D:6      | 2099 ||| DROPPING potion of magic.
  2100 | D:6      | 2100 ||| DROPPING potion of attraction.
  2118 | Temple   | Entered the Ecumenical Temple
  2119 | Temple   | 2119 ||| PLANNING OKAWARU WORSHIP
  2137 | Temple   | Became a worshipper of Warmaster Okawaru
  2138 | Temple   | 2138 ||| PLANNING D:1-11
  2179 | D:5      | Entered Level 5 of the Dungeon
  2209 | D:5      | Reached skill level 9 in Ranged Weapons
  2220 | D:5      | HP: 6/29 [orc wizard/+2 vampiric dagger (3)]
  2221 | D:5      | HP: 2/29 [orc wizard/+2 vampiric dagger (4)]
  2222 | D:5      | Slain by an orc

Levels and vault maps discovered:
D:1:      minmay_arrival_checkered_box, layout_loops_ring, serial_shops,
          nicolae_shop_waterfront
D:2:      layout_loops_ring, serial_shops, shop, minmay_between,
          uniq_crazy_yiuf_cottage
D:3:      layout_basic, mainiacjoe_overflow_brackets,
          gammafunk_ghost_nasty_kobolds, serial_rivers,
          chequers_serial_rivers_large_a, chequers_serial_rivers_micro_c,
          chequers_serial_rivers_marsh, chequers_serial_rivers_small_3,
          chequers_serial_rivers_room_a, chequers_serial_rivers_room_a,
          kennysheep_nondescript, columned_hall_lemuel
D:5:      layout_rooms, nzn_wu_jian_council_hall, minmay_statues_item,
          grunt_ministairs_12, hellmonk_no_cap, uniq_sigmund
D:6:      layout_cave_pods, kennysheep_mini_moat,
          minmay_temple_entry_statues_pillars, serial_column_ruins,
          column_ruins_pillar_9, column_ruins_pillar_2, column_ruins_pillar_1,
          column_ruins_pillar_2, column_ruins_pillar_1, column_ruins_pillar_5,
          column_ruins_pillar_2, column_ruins_pillar_1, column_ruins_pillar_6,
          column_ruins_pillar_9, column_ruins_pillar_6, column_ruins_pillar_7,
          column_ruins_pillar_2, column_ruins_pillar_4, column_ruins_pillar_2,
          column_ruins_pillar_4, column_ruins_pillar_3, column_ruins_pillar_10,
          nicolae_elevator_lobby_asterisk
Temple:   nicolae_temple_slightly_damp_pantheon

Skill      XL: |  1  2  3  4  5 |
---------------+----------------+-----
Ranged Weapons | 6 7 8 9 |  9.1
Fighting       | |  1.6
Dodging        | |  2.4
Stealth        | |  1.2

Action                     |  1- 3 |  4- 6 || total
---------------------------+-------+-------++-------
   Fire: Shortbow          |   129 |    59 ||   188
    Use: Scroll            |     5 |     4 ||     9
         Potion            |     3 |       ||     3
 Armour: Leather armour    |    25 |       ||    25
         Ring mail         |     5 |    32 ||    37
  Dodge: Dodged            |    44 |    28 ||    72

Table legend:
 A = Non-vault XP
 B = Vault XP
 C = Vault XP percentage of total XP
 D = Non-vault monster count
 E = Vault monster count
 F = Vault count percentage of total count
                 A         B        C        D         E       F
            +---------+---------+-------+---------+---------+-------
      Total |     305 |       4 |   1.3 |      54 |       2 |   3.6
            +---------+---------+-------+---------+---------+-------
        D:1 |      38 |       0 |   0.0 |      23 |       0 |   0.0
        D:2 |      47 |       4 |   7.8 |      14 |       2 |  12.5
        D:3 |      38 |       0 |   0.0 |       9 |       0 |   0.0
        D:5 |      99 |       0 |   0.0 |       7 |       0 |   0.0
        D:6 |      83 |       0 |   0.0 |       1 |       0 |   0.0
            +---------+---------+-------+---------+---------+-------
